 Dungeon Crawl Stone Soup version 0.32-a0-141-g04fe69798e (webtiles) character file.

Game seed: 7673247182846306657

367695 GordonOverkill the Gelid (level 21, -17/113 HPs)
             Began as a Spriggan Hexslinger on Feb 10, 2024.
             Was the Champion of Fedhas.
             Killed from afar by a lich (77 damage)
             ... with a bolt of cold
             ... on level 3 of the Depths on Feb 11, 2024.
             The game lasted 03:03:26 (59992 turns).

GordonOverkill the Gelid (Spriggan Hexslinger)     Turns: 59992, Time: 03:03:26

Health: -17/113    AC: 13    Str:  6    XL:     21   Next: 42%
Magic:  41/44      EV: 35    Int: 16    God:    Fedhas [******]
Gold:   1691       SH:  0    Dex: 31    Spells: 28/56 levels left

rFire   + . .        l - +8 orcbow (heavy)
rCold   . . .        (shield currently unavailable)
rNeg    . . .        y - +2 robe {rF+}
rPois   .            b - +2 hat {Will+}
rElec   +            u - +2 cloak of Gudeiri {rElec Str+2}
rCorr   .            (gloves unavailable)
SInv    +            (boots unavailable)
Will    +++++        Z - amulet of regeneration
Stlth   ++++         I - +4 ring of protection
HPRegen 1.18/turn    O - ring "Otsoi" {+Blink EV+5 Dex+4}
MPRegen 0.29/turn

%: no passive effects
@: portalling projectiles, studying Maces & Flails, very quick
A: very small, no large weapons, unfitting armour, see invisible, speed 3,
hooves 1, strong-willed 1
}: 2/15 runes: barnacled, gossamer
a: Renounce Religion, Evoke Blink, Wall of Briars, Grow Ballistomycete,
Overgrow, Grow Oklob


You were on level 3 of the Depths.
You worshipped Fedhas.
Fedhas was exalted by your worship.
You visited 8 branches of the dungeon, and saw 38 of its levels.
You also visited: Bailey and Gauntlet.

You collected 5270 gold pieces.
You spent 3579 gold pieces at shops.

Inventory:

Hand Weapons
 j - a +3 arbalest of freezing
 l - a +8 heavy orcbow (weapon)
 L - the +5 arbalest of Analysis {penet, rN++ Str-3 Int+3 SInv}
   (You bought it in a shop on level 2 of the Orcish Mines)

   Str-3:     It affects your strength (-3).
   Int+3:     It affects your intelligence (+3).
   rN++:      It greatly protects you from negative energy.
   SInv:      It lets you see invisible.
Missiles
 r - 2 throwing nets
Armour
 b - a +2 hat of willpower (worn)
 u - the +2 cloak of Gudeiri (worn) {rElec Str+2}
   (You acquired it on level 1 of the Vaults)

   Str+2:     It affects your strength (+2).
   rElec:     It insulates you from electricity.
 y - a +2 robe of fire resistance (worn)
 N - a scarf of repulsion
Jewellery
 c - a +6 ring of dexterity
 t - a ring of wizardry
 C - a ring of poison resistance
 I - a +4 ring of protection (left hand)
 O - the ring "Otsoi" (right hand) {+Blink EV+5 Dex+4}
   (You took it off a minotaur in a Gauntlet)

   [ring of evasion]

   EV+5:      It affects your evasion (+5).
   Dex+4:     It affects your dexterity (+4).
   +Blink:    It lets you blink.
 Q - a ring of protection from fire
 S - a ring of protection from cold
 X - an amulet of the acrobat
 Z - an amulet of regeneration (around neck)
Wands
 g - a wand of mindburst (29)
 n - a wand of light (19)
 s - a wand of digging (2)
 z - a wand of roots (27)
 G - a wand of paralysis (37)
 W - a wand of flame (5)
Scrolls
 f - 2 scrolls of fear
 i - 5 scrolls of revelation
 o - 11 scrolls of teleportation
 q - 7 scrolls of immolation
 A - 5 scrolls of amnesia
 D - 2 scrolls of fog
 F - 4 scrolls of enchant armour
 P - 10 scrolls of identify
 T - 3 scrolls of vulnerability
Potions
 d - 6 potions of might
 h - 6 potions of mutation
 k - 7 potions of curing
 m - a potion of resistance
 p - 5 potions of cancellation
 v - 6 potions of ambrosia
 w - 5 potions of lignification
 E - 9 potions of brilliance
 H - 2 potions of invisibility
 J - 7 potions of magic
 K - a potion of haste
 U - 2 potions of enlightenment
Miscellaneous
 a - a phial of floods (inert)
 e - a tin of tremorstones (2/2)


   Skills:
 - Level 13.0 Fighting
 - Level 18.0 Ranged Weapons
 - Level 5.0 Armour
 - Level 10.0 Dodging
 - Level 4.0 Stealth
 - Level 18.0 Spellcasting
 - Level 7.0 Conjurations
 - Level 12.0 Hexes
 - Level 12.0 Translocations
 - Level 0.7 Fire Magic
 + Level 18.4 Ice Magic
 - Level 10.0 Air Magic
 - Level 10.0 Invocations
 - Level 3.0 Evocations


You had 28 spell levels left.
You knew the following spells:

 Your Spells              Type           Power      Damage    Failure   Level
a - Jinxbite              Hex            100%       N/A       1%          2
b - Freezing Cloud        Conj/Ice/Air   25%        6-21      1%          5
c - Inner Flame           Hex/Fire       34%        N/A       1%          3
d - Dimensional Bullseye  Hex/Tloc       25%        N/A       1%          4
e - Cause Fear            Hex            25%        N/A       1%          4
f - Ozocubu's Refrigerat  Ice            32%        4d14      1%          7
g - Passwall              Erth           14%        N/A       12%         3

Your spell library contained the following spells:

 Spells                   Type           Power      Damage    Failure   Level
 Freeze                   Ice            100%       1d10      0%          1
 Ensorcelled Hibernation  Hex/Ice        100%       N/A       0%          2
 Frozen Ramparts          Ice            100%       1d16      0%          3
 Shock                    Conj/Air       100%       1d9       1%          1
 Cigotuvi's Dreadful Rot  Necr/Alch/Air  50%        N/A       1%          2
 Lesser Beckoning         Tloc           100%       N/A       1%          2
 Gell's Gravitas          Tloc           51%        N/A       1%          3
 Hailstorm                Conj/Ice       53%        3d10      1%          3
 Sigil of Binding         Hex            51%        N/A       1%          3
 Swiftness                Air            46%        N/A       1%          3
 Teleport Other           Tloc           51%        N/A       1%          3
 Airstrike                Air            23%        2d(4-20)  1%          4
 Summon Small Mammal      Summ           56%        N/A       4%          1
 Call Imp                 Summ           28%        N/A       6%          2
 Sublimation of Blood     Necr           14%        N/A       6%          2
 Call Canine Familiar     Summ           14%        N/A       12%         3
 Fireball                 Conj/Fire      13%        3d7       22%         5
 Ignite Poison            Fire/Alch      15%        N/A       34%         4
 Sticky Flame             Fire/Alch      15%        2d5       34%         4
 Summon Blazeheart Golem  Fire/Summ      15%        N/A       34%         4
 Dispel Undead            Necr           14%        3d10      36%         4
 Martyr's Knell           Necr/Summ      14%        N/A       36%         4
 Death Channel            Necr           7%         N/A       99%         6
 Summon Hydra             Summ           7%         N/A       100%        7
 Ignition                 Fire           8%         3d5       100%        8
 Dragon's Call            Summ           7%         N/A       100%        9


Dungeon Overview and Level Annotations

Branches:
Dungeon (15/15)            Temple (1/1) D:7            Lair (5/5) D:9
 Shoals (4/4) Lair:2       Spider (4/4) Lair:3        Slime (0/5) Lair:5
    Orc (2/2) D:10            Elf (0/3) Orc:2        Vaults (4/5) D:14
  Crypt (0/3) Vaults:2     Depths (3/4) D:15         Bailey (visited)
Gauntlet (visited)

Altars:
Ashenzari
Cheibriados
Dithmenos
Elyvilon
Fedhas
Gozag
Hepliaklqana
Kikubaaqudgha
Makhleb
Nemelex Xobeh
Okawaru
Qazlal
Ru
Sif Muna
Trog
Uskayaw
Vehumet
Wu Jian
Xom
Yredelemnul
Zin
The Shining One
Jiyva
Lugonu

Shops:
D:6 !   D:9 =   D:11 :   D:14 :   D:15 (   Orc:1 !   Orc:2 [*(:   Shoals:1 ::
Vaults:1 ?   Vaults:2 [

Portals:
Hell: Depths:1 Depths:2
Abyss: Depths:1
Pandemonium: Depths:1 Depths:2
Ziggurat: Depths:1
Trove: Depths:1 (give +5 ice dragon scales)

Annotations:
D:3 3 runed translucent doors, Pandarussel's ghost, amateur TeBe
D:4 Duvessa
D:6 1 exclusion
Lair:5 1 runed translucent door
Shoals:1 Roxanne
Shoals:4 Nikola


Innate Abilities, Weirdness & Mutations

You are very small and have problems with some larger weapons.
You are too small for most types of armour.
You have supernaturally acute eyesight. (SInv)
You cover ground extremely quickly. (Speed+++)
You have large cloven feet.
You are strong-willed. (Will+)


Message History

The bolt of cold hits you!!
The lich struggles against the net.
Fire: l) +8 orcbow (heavy)
Press: ? - help, Q - select action, (/) - cycle Shift-Dir - straight line, f/p - lich
Aim: a lich (entangled in a net, 93% to hit)
You shoot an arrow. The arrow hits the lich!!
The lich is moderately damaged.
The lich gestures wildly while chanting.
The lich flickers and vanishes for a moment.
The lich struggles against the net.
Casting: Ozocubu's Refrigeration (dangerous; 1% risk of failure)
Confirm with . or Enter, or press ? or * to list all spells.
Aiming: Dimensional Bullseye (safe; 1% risk of failure)
Press: ? - help, Dir - move target, f/p - lich
Aim: a lich (moderately damaged, slightly transparent, entangled in a net)
You create a dimensional link between your ranged weaponry and the lich.
Fire: l) +8 orcbow (heavy)
Press: ? - help, Q - select action, (/) - cycle Shift-Dir - straight line, f/p - lich
Aim: a lich (moderately damaged, slightly transparent, entangled in a net, targeted by your dimensional bullseye, 97% to hit)
You shoot an arrow. The arrow hits the blizzard demon!!!
The blizzard demon is heavily wounded.
Your projectile teleports!
The arrow hits the lich!
The lich is heavily damaged.
The blizzard demon barely misses you. The blizzard demon misses you.
The lich struggles against the net.
Fire: l) +8 orcbow (heavy)
Press: ? - help, Q - select action, (/) - cycle Shift-Dir - straight line, f/p - lich
Aim: a lich (heavily damaged, slightly transparent, entangled in a net, targeted by your dimensional bullseye, 97% to hit)
You shoot an arrow. The arrow hits the blizzard demon!
The blizzard demon is severely wounded.
Your projectile teleports!
The arrow hits the lich!
The lich is severely damaged.
The blizzard demon waves its arms in wide circles.
The air twists around and strikes you!!
* * * LOW HITPOINT WARNING * * *
The lich points at you and mumbles some strange words.
The bolt of cold hits the blizzard demon.
The blizzard demon resists.
The bolt of cold hits you!!!!
Ouch! That really hurt!
You die...
Fedhas appreciates your contribution to the ecosystem.

#+#...###
....... ..)....
.....
##+##...#####
..2#...#...#
.'...#.#.#
#ā‰ˆ..#.@.#
##'##2..#####
##Lā‰ˆ.........#
#..#L.......[#
##.(.........#
#####ā€ ..#####
#...# #.ā‰ˆ.'.
#...#..


You could see a lich (invisible, caught, bullseye target) and a blizzard demon.

Vanquished Creatures
  An ancient lich (D:15)
  A dread lich (D:15)
  Sojobo (Depths:2)
  Arachne (Spider:3)
  Asterion (Vaults:3)
  A kraken (Shoals:2)
  3 sphinxes
  2 ancient champions
  A tentacled starspawn (Lair:5)
  2 tengu reavers (Depths:2)
  A shadow dragon (Vaults:1)
  A storm dragon (Vaults:1)
  Donald (Shoals:1)
  A frost giant (Depths:2)
  7 emperor scorpions
  5 fire giants
  6 vault wardens
  5 ghost moths
  A balrug (Depths:3)
  Louise (D:14)
  5 orc warlords
  A spriggan defender (Depths:2)
  5 very ugly things
  A formless jellyfish (Vaults:1)
  6 ironbound thunderhulks
  18 ironbound preservers
  2 vampire knights
  3 broodmothers
  9 stone giants
  2 deep elf death magi
  3 spark wasps
  A minotaur (Gauntlet)
  14 dire elephants
  Azrael (Orc:2)
  2 eidola
  5 ettins
  11 crystal guardians (Depths:2)
  6 merfolk impalers
  Josephine (D:13)
  4 fire dragons
  2 jiangshi
  The ghost of Waro the Eclecticist, a journeyman DjFE of Gozag (D:13)
  4 merfolk javelineers
  3 entropy weavers
  3 ice dragons
  9 great orbs of eyes
  A hell beast (Depths:2)
  5 vault guards
  9 yaktaur captains
  A jorogumo (Spider:2)
  A salamander tyrant (Depths:3)
  6 hydras
  7 centaur warriors
  4 spriggan air magi
  3 radroaches
  A rakshasa (Depths:2)
  A catoblepas (D:14)
  7 ironbound frosthearts
  3 merfolk avatars
  3 merfolk aquamancers (Shoals:3)
  7 boulder beetles
  2 alligator snapping turtles
  4 two-headed ogres
  3 death yaks (Lair:3)
  6 tengu warriors
  A satyr (Shoals:4)
  2 deep troll shamans
  6 demonic crawlers
  A hell hog (Depths:2)
  4 deep troll earth magi
  2 vampire magi (Depths:1)
  8 orc high priests
  9 hell knights
  Sonja (Orc:2)
  2 spriggan berserkers (Depths:2)
  2 sun demons
  2 iron trolls (Depths:1)
  A titan skeleton (Depths:1)
  13 skeletal warriors
  4 skysharks
  5 pharaoh ants
  59 deep trolls
  8 sea snakes
  3 glowing orange brains
  3 flayed ghosts
  A kraken simulacrum (Shoals:4)
  A glowing orange brain (shapeshifter) (Depths:3)
  A golden dragon skeleton (Vaults:2)
  3 sun moths
  A sea snake (shapeshifter) (D:15)
  10 orb spiders
  An orange crystal statue (Depths:2)
  12 lindwurms
  12 harpies
  16 ironbound convokers
  3 deep elf pyromancers (D:14)
  10 arcanists
  2 phantasmal warriors
  2 steelbarb worms
  13 orc knights
  18 wolf spiders
  8 necromancers
  6 orc sorcerers (Orc:2)
  3 tengu zombies
  39 ugly things
  2 tengu skeletons
  11 fauns
  3 moths of wrath
  12 manticores
  2 frost giant zombies
  4 cyclopes
  14 elephants
  2 black mambas
  15 meliai
  2 fire giant skeletons
  18 vault sentinels
  Maurice (Orc:2)
  A shadow dragon skeleton (Depths:1)
  2 kobold blastminers (Orc:2)
  A guardian serpent (shapeshifter) (D:15)
  7 merfolk sirens
  3 water nymphs
  12 cane toads
  5 rime drakes
  4 torpor snails
  An unseen horror (shapeshifter) (D:14)
  Maggie (Lair:2)
  An efreet (D:15)
  3 freezing wraiths
  4 komodo dragons
  29 yaktaurs
  An ice devil (Gauntlet)
  5 tengu conjurers
  Psyche (D:8)
  2 yaktaur skeletons (Vaults:3)
  3 trolls
  2 wolf spider simulacra (D:14)
  10 wind drakes
  20 merfolk
  7 snapping turtles
  2 hornets (Depths:2)
  4 polar bears
  9 blink frogs
  21 tarantellas
  10 dream sheep
  3 spriggan zombies
  A stone giant simulacrum (Depths:1)
  2 elf zombies (Vaults:2)
  18 jumping spiders
  5 wyverns
  50 slime creatures
  2 spriggans (Depths:2)
  A shadow (D:13)
  22 culicivoras
  7 wraiths
  9 water elementals
  2 fire elementals (Orc:2)
  A human (Lair:5)
  2 basilisks
  3 wargs
  71 yaks
  A neqoxec (Gauntlet)
  43 redbacks
  2 steam dragons (Lair:5)
  A chaos spawn (Gauntlet)
  6 vampire mosquitoes (D:12)
  A swamp worm (shapeshifter) (Vaults:3)
  A human zombie (Depths:1)
  An acid dragon (D:14)
  8 water moccasins
  3 hell hounds (Orc:2)
  4 black bears
  An elf simulacrum (Vaults:3)
  36 orc warriors
  2 ice beasts
  2 laughing skulls (D:14)
  3 centaurs
  20 wolves
  3 ogres (Orc:2)
  A phantom (D:5)
  10 bullfrogs
  A gnoll sergeant (D:9)
  6 scorpions
  5 necrophages (Lair:3)
  5 human skeletons
  4 wights (D:10)
  Dowan (D:4)
  9 killer bees
  5 electric eels
  5 howler monkeys
  2 bombardier beetles (D:7)
  2 lava snakes (Lair:1)
  A human simulacrum (Vaults:3)
  2 gnoll boudas
  17 orc priests
  Crazy Yiuf (D:7)
  2 hounds
  2 jellies (D:7)
  6 iguanas
  23 orc wizards
  2 sleepcaps (D:5)
  6 adders
  22 gnolls
  2 shadow imps
  6 white imps
  2 ufetubi (D:6)
  A dart slug (D:3)
  5 ribbon worms
  83 orcs
  9 bats
  11 endoplasms
  6 giant cockroaches
  11 hobgoblins
  3 jackals (D:1)
  A quokka (D:3)
  8 ball pythons
  5 frilled lizards
  9 goblins
  18 kobolds
  7 rats
  2 tentacles (Shoals:2)
1460 creatures vanquished.

Vanquished Creatures (collateral kills)
  Saint Roka (Vaults:1)
  Aizul (Vaults:1)
  An ironbound preserver (Vaults:1)
  A vampire knight (Depths:1)
  A merfolk impaler (Shoals:3)
  A merfolk javelineer (Shoals:3)
  A deep troll earth mage (Depths:1)
  A sea snake (Shoals:2)
  A harpy (Shoals:2)
  A phantasmal warrior (Depths:1)
  A merfolk (Shoals:3)
  2 ballistomycete spores (Vaults:1)
13 creatures vanquished.

Vanquished Creatures (others)
  A merfolk aquamancer (Shoals:1)
  A sea snake (Shoals:1)
  A ballistomycete spore (Vaults:1)
  2 starspawn tentacles (Lair:5)
  21 tentacles
26 creatures vanquished.

Grand Total: 1499 creatures vanquished

Notes
Turn   | Place    | Note
-------+----------+-------------------------------------------
     0 | D:1      | GordonOverkill the Spriggan Hexslinger began the quest for
                  | the Orb.
     0 | D:1      | Reached XP level 1. HP: 9/9 MP: 3/3
    35 | D:1      | Reached skill level 1 in Fighting
   104 | D:1      | Reached XP level 2. HP: 14/14 MP: 6/6
   155 | D:1      | Learned a level 2 spell: Jinxbite
   942 | D:2      | Reached XP level 3. HP: 18/18 MP: 4/7
  1191 | D:2      | Reached XP level 4. HP: 16/23 MP: 4/8
  1251 | D:2      | Identified the +1 robe "Beurrod" {rElec Str-5 SInv}
  1359 | D:2      | Learned a level 3 spell: Sigil of Binding
  2048 | D:3      | Reached XP level 5. HP: 26/26 MP: 7/10
  2053 | D:3      | Reached skill level 5 in Hexes
  2445 | D:3      | Found a runed translucent gate.
  2445 | D:3      | Found a runed translucent gate.
  2446 | D:3      | Found a runed translucent gate.
  2482 | D:3      | Noticed Pandarussel's ghost (amateur TeBe)
  2915 | D:4      | Found a hazy altar of Hepliaklqana.
  2933 | D:4      | Learned a level 3 spell: Inner Flame
  3047 | D:4      | Found a sparkling altar of Nemelex Xobeh.
  3122 | D:4      | Reached XP level 6. HP: 26/30 MP: 7/11
  3402 | D:4      | Noticed Duvessa
  3432 | D:4      | Noticed Dowan
  3439 | D:4      | Killed Dowan
  4104 | D:5      | Entered Level 5 of the Dungeon
  4164 | D:5      | Reached skill level 5 in Ranged Weapons
  4308 | D:5      | Reached XP level 7. HP: 35/35 MP: 10/12
  4330 | D:5      | Learned a level 4 spell: Dimensional Bullseye
  4594 | D:5      | Reached skill level 1 in Translocations
  5433 | D:6      | Reached skill level 5 in Translocations
  5690 | D:6      | Reached XP level 8. HP: 40/40 MP: 10/13
  5773 | D:6      | Gained mutation: You occasionally lose the ability to read
                  | scrolls when taking damage. [potion of mutation]
  5773 | D:6      | Gained mutation: You have a pair of small antennae on your
                  | head. [potion of mutation]
  6136 | D:6      | Found Ostien's Distillery.
  6141 | D:6      | Bought a potion of curing for 39 gold pieces
  6141 | D:6      | Bought a potion of resistance for 130 gold pieces
  6188 | D:6      | Found a glowing silver altar of Zin.
  6745 | D:7      | Found a staircase to the Ecumenical Temple.
  6767 | Temple   | Entered the Ecumenical Temple
  6776 | Temple   | Became a worshipper of Fedhas Madash
  7176 | D:7      | Found a snail-covered altar of Cheibriados.
  7204 | D:7      | Found a runed translucent door.
  7205 | D:7      | Noticed Crazy Yiuf
  7213 | D:7      | Killed Crazy Yiuf
  7333 | D:7      | Found a flagged portal.
  7341 | Bailey   | Entered a bailey
  7346 | Bailey   | Noticed an orc warlord
  7360 | Bailey   | Reached * piety under Fedhas
  7412 | Bailey   | Reached XP level 9. HP: 44/44 MP: 13/16
  7513 | Bailey   | Found a runed translucent gate.
  7515 | Bailey   | Found a runed translucent gate.
  7522 | Bailey   | Learned a level 4 spell: Cause Fear
  7522 | Bailey   | Found a runed translucent gate.
  7860 | Bailey   | Got Sif Muna's Treatise on Chilblains
  7861 | Bailey   | Acquired 1020 gold pieces
  7863 | Bailey   | Acquired a +4 orcbow of flaming
  8098 | Bailey   | Killed an orc warlord
  8478 | D:8      | Noticed Psyche
  8483 | D:8      | Killed Psyche
  8545 | D:8      | Found a bloodstained altar of Trog.
  8590 | D:8      | Found a sacrificial altar of Ru.
  8619 | D:8      | Reached skill level 10 in Ranged Weapons
  8620 | D:8      | Reached ** piety under Fedhas
  8814 | D:8      | Found an ornate altar of the Wu Jian Council.
  9068 | D:9      | Reached XP level 10. HP: 51/51 MP: 1/17
  9094 | D:9      | Reached skill level 5 in Fighting
  9195 | D:9      | Reached skill level 5 in Spellcasting
  9197 | D:9      | Reached skill level 1 in Invocations
  9530 | D:9      | Found a staircase to the Lair.
  9554 | D:9      | Found Hobaroyrr's Jewellery Boutique.
  9564 | D:9      | Bought a +4 ring of protection for 468 gold pieces
  9564 | D:9      | Bought a +4 ring of protection for 468 gold pieces
  9923 | D:10     | Entered Level 10 of the Dungeon
 10086 | D:10     | Reached *** piety under Fedhas
 10259 | D:9      | Reached skill level 10 in Hexes
 10337 | D:10     | Found a staircase to the Orcish Mines.
 10644 | D:10     | Found a white marble altar of Elyvilon.
 10712 | D:10     | Noticed a two-headed ogre
 10720 | D:10     | Reached skill level 10 in Translocations
 10721 | D:10     | Killed a two-headed ogre
 10909 | D:10     | Found a burning altar of Makhleb.
 11024 | D:11     | Reached XP level 11. HP: 55/55 MP: 12/19
 11167 | D:11     | Noticed a boulder beetle
 11201 | D:11     | Killed a boulder beetle
 11363 | D:11     | Noticed a two-headed ogre
 11370 | D:11     | Killed a two-headed ogre
 11394 | D:11     | Found Zedghaum's Book Shoppe.
 11700 | D:11     | Noticed a two-headed ogre
 11725 | D:11     | Killed a two-headed ogre
 11809 | D:12     | Reached **** piety under Fedhas
 11890 | D:12     | Noticed a two-headed ogre
 11895 | D:12     | Killed a two-headed ogre
 11932 | D:12     | Found a gate leading to a gauntlet.
 11994 | Gauntlet | Entered a Gauntlet
 11994 | Gauntlet | Found a transporter.
 11994 | Gauntlet | Found a transporter.
 12000 | Gauntlet | Found a transporter.
 12012 | Gauntlet | Found a transporter.
 12030 | Gauntlet | Found a transporter.
 12030 | Gauntlet | Found a transporter.
 12030 | Gauntlet | Found a transporter.
 12032 | Gauntlet | Found a transporter.
 12032 | Gauntlet | Found a transporter.
 12044 | Gauntlet | Found a transporter.
 12059 | Gauntlet | Noticed a great orb of eyes
 12060 | Gauntlet | Found a transporter.
 12061 | Gauntlet | Noticed a white ugly thing
 12064 | Gauntlet | Noticed a purple ugly thing
 12070 | Gauntlet | Found a transporter.
 12084 | Gauntlet | Found a transporter.
 12119 | Gauntlet | Found a transporter.
 12361 | Gauntlet | Killed a great orb of eyes
 12367 | Gauntlet | Killed a purple ugly thing
 12370 | Gauntlet | Killed a purple ugly thing
 12374 | Gauntlet | Identified the amulet of Ickysiox {RegenMP rF+ Int-5
                  | Stlth+}
 12415 | Gauntlet | Identified the ring "Otsoi" {+Blink EV+5 Dex+4}
 12415 | Gauntlet | Noticed a minotaur
 12460 | Gauntlet | Killed a minotaur
 13057 | D:13     | Reached skill level 15 in Ranged Weapons
 13129 | D:13     | Noticed Josephine
 13136 | D:13     | Killed Josephine
 13137 | D:13     | Reached XP level 12. HP: 60/60 MP: 17/20
 13229 | D:13     | Noticed a boulder beetle
 13239 | D:13     | Killed a boulder beetle
 13569 | D:13     | Found a runed translucent gate.
 13569 | D:13     | Found a runed translucent gate.
 13601 | D:13     | Found a runed translucent gate.
 13601 | D:13     | Noticed a 13-headed hydra
 13601 | D:13     | Noticed Waro's ghost (journeyman DjFE)
 13603 | D:13     | Noticed an 11-headed hydra
 13729 | D:13     | Killed a 13-headed hydra
 13738 | D:13     | Killed Waro's ghost
 13859 | D:13     | Killed an 11-headed hydra
 13866 | D:13     | Identified the +6 scimitar of Friendship {freeze, Int+3}
 14123 | D:14     | Reached ***** piety under Fedhas
 14123 | D:14     | Noticed Louise
 14132 | D:14     | Killed Louise
 14231 | D:14     | Noticed a catoblepas
 14266 | D:14     | Killed a catoblepas
 14421 | D:14     | Noticed a centaur warrior
 14428 | D:14     | Killed a centaur warrior
 14480 | D:14     | Found Mymy's Book Shop.
 14502 | D:14     | Reached XP level 13. HP: 64/68 MP: 18/21
 14690 | D:14     | Reached skill level 5 in Invocations
 15003 | D:14     | Found a gate to the Vaults.
 15272 | D:14     | Found a shimmering blue altar of Sif Muna.
 15452 | D:15     | Entered Level 15 of the Dungeon
 15675 | D:15     | Found Biamaghi's Antique Weapon Shoppe.
 15896 | D:15     | Reached skill level 10 in Fighting
 15988 | D:15     | Reached skill level 5 in Dodging
 16081 | D:15     | Found a staircase to the Depths.
 16224 | D:15     | Reached XP level 14. HP: 77/77 MP: 19/22
 16780 | Lair:1   | Entered Level 1 of the Lair of Beasts
 16966 | Lair:1   | Reached skill level 10 in Dodging
 17326 | Lair:1   | Found a shimmering blue altar of Sif Muna.
 17594 | Lair:2   | Reached ****** piety under Fedhas
 17633 | Lair:2   | Noticed Maggie
 17648 | Lair:2   | Killed Maggie
 17995 | Lair:2   | Found a staircase to the Shoals.
 18419 | Lair:3   | Reached skill level 10 in Invocations
 19094 | Lair:3   | Found a hole to the Spider Nest.
 20054 | Lair:5   | Entered Level 5 of the Lair of Beasts
 20252 | Lair:5   | Reached XP level 15. HP: 71/80 MP: 20/26
 20450 | Lair:5   | Found a runed translucent door.
 20450 | Lair:5   | Found a viscous altar of Jiyva.
 20450 | Lair:5   | Found a staircase to the Slime Pits.
 20450 | Lair:5   | Noticed an azure jelly
 20884 | Lair:5   | Reached skill level 10 in Spellcasting
 21065 | Lair:5   | Reached skill level 1 in Armour
 21102 | Lair:5   | Got an earthy gem with 517 turns to spare
 21299 | Lair:5   | Found a runed translucent door.
 21300 | Lair:5   | Noticed a tentacled starspawn
 21476 | Lair:5   | Killed a tentacled starspawn
 21481 | Lair:5   | Identified the +5 hand axe of Deok {elec, rF- rC+ Stlth+}
 21624 | Orc:1    | Entered Level 1 of the Orcish Mines
 21749 | Orc:2    | Entered Level 2 of the Orcish Mines
 21892 | Orc:2    | Noticed Azrael
 21941 | Orc:2    | Killed Azrael
 22227 | Orc:2    | Noticed Sonja
 22234 | Orc:2    | Killed Sonja
 22505 | Orc:2    | Found a staircase to the Elven Halls.
 22648 | Orc:1    | Found Vuvu's Distillery.
 22795 | Orc:2    | Found a bloodstained altar of Trog.
 22817 | Orc:2    | Noticed Maurice
 22824 | Orc:2    | Killed Maurice
 23123 | Orc:2    | Reached skill level 5 in Armour
 23488 | Orc:2    | Found Paimuop's Antique Armour Shop.
 23489 | Orc:2    | Found Aban's Antique Weapon Shop.
 23491 | Orc:2    | Found Xepuug's General Store.
 23491 | Orc:2    | Found Eneyc's Book Boutique.
 23508 | Orc:2    | Bought a manual of Spellcasting for 1200 gold pieces
 23636 | Orc:2    | Bought a warped arbalest for 266 gold pieces
 23636 | Orc:2    | Identified the +5 arbalest of Analysis {penet, rN++ Str-3
                  | Int+3 SInv} (You bought it in a shop on level 2 of the
                  | Orcish Mines)
 23772 | Spider:1 | Entered Level 1 of the Spider Nest
 24112 | Shoals:1 | Entered Level 1 of the Shoals
 24385 | Shoals:1 | Found Reolio's Book Boutique.
 24693 | Shoals:1 | Noticed Donald
 24737 | Shoals:1 | Killed Donald
 24840 | Shoals:1 | Noticed Roxanne
 24935 | Shoals:1 | Reached XP level 16. HP: 80/88 MP: 27/31
 24965 | Shoals:1 | Found Zeanus's Self-Improvement Boutique.
 25748 | Shoals:2 | You fall into a shaft and drop 1 floor!
 26042 | Shoals:4 | Entered Level 4 of the Shoals
 26042 | Shoals:4 | Noticed Nikola
 28174 | Shoals:4 | Got a barnacled rune of Zot
 28204 | Shoals:4 | Noticed a kraken
 29304 | Shoals:4 | Reached skill level 1 in Ice Magic
 31070 | Shoals:3 | Reached skill level 15 in Spellcasting
 31326 | Shoals:2 | Noticed a kraken
 31357 | Shoals:2 | Killed a kraken
 32228 | Spider:1 | Reached skill level 5 in Ice Magic
 32228 | Spider:1 | Reached XP level 17. HP: 95/95 MP: 28/38
 34877 | Spider:2 | Upgraded the game from 0.32-a0-135-g14f8b2e1af to
                  | 0.32-a0-141-g04fe69798e
 35822 | Spider:3 | Noticed Arachne
 35843 | Spider:3 | Killed Arachne
 36647 | Spider:4 | Entered Level 4 of the Spider Nest
 38697 | Spider:4 | HP: 1/95 [culicivora (14)]
 39611 | Spider:4 | Reached skill level 10 in Ice Magic
 39626 | Spider:4 | Learned a level 5 spell: Freezing Cloud
 39722 | Spider:4 | Reached skill level 1 in Air Magic
 39816 | Spider:4 | Got a gossamer rune of Zot
 40139 | Vaults:1 | Entered Level 1 of the Vaults
 40243 | Vaults:1 | Reached XP level 18. HP: 100/100 MP: 41/41
 40252 | Vaults:1 | Found Aqidead's Magic Scroll Emporium.
 40255 | Vaults:1 | Bought a scroll of acquirement for 676 gold pieces
 40255 | Vaults:1 | Bought a scroll of fear for 52 gold pieces
 40255 | Vaults:1 | Acquired the +2 cloak of Gudeiri {rElec Str+2}
 40416 | Vaults:1 | Identified the serpent talisman "Ishrompe" {+Blink rF- rN+
                  | rCorr}
 40416 | Vaults:1 | Noticed Aizul
 40612 | Vaults:1 | Killed Aizul
 40808 | D:14     | Reached skill level 5 in Air Magic
 40816 | D:14     | Reached skill level 1 in Conjurations
 41059 | Vaults:1 | Lost mutation: You occasionally lose the ability to read
                  | scrolls when taking damage. [potion of mutation]
 41059 | Vaults:1 | Lost mutation: You have a pair of small antennae on your
                  | head. [potion of mutation]
 41059 | Vaults:1 | Gained mutation: Your magical capacity is low. (-10% MP)
                  | [potion of mutation]
 41059 | Vaults:1 | Gained mutation: You have hidden genetic defects. [potion
                  | of mutation]
 41059 | Vaults:1 | Lost mutation: You have hidden genetic defects. [potion of
                  | mutation]
 41059 | Vaults:1 | Gained mutation: You have a pair of small horns on your
                  | head. [potion of mutation]
 41060 | Vaults:1 | Lost mutation: You have a pair of small horns on your head.
                  | [potion of mutation]
 41060 | Vaults:1 | Lost mutation: Your magical capacity is low. (-10% MP)
                  | [potion of mutation]
 41060 | Vaults:1 | Gained mutation: You are strong-willed. (Will+) [potion of
                  | mutation]
 41060 | Vaults:1 | Gained mutation: You have large cloven feet. [potion of
                  | mutation]
 42799 | Vaults:2 | Noticed Saint Roka
 43337 | Vaults:1 | Reached XP level 19. HP: 103/104 MP: 37/42
 43851 | Vaults:2 | Found Pistris's Armour Emporium.
 44200 | Vaults:2 | Reached skill level 10 in Air Magic
 44385 | Vaults:2 | Identified the ring of the Albatross {Ice Int+4}
 44702 | Vaults:2 | Reached skill level 5 in Conjurations
 44953 | Vaults:2 | Found a staircase to the Crypt.
 45194 | Vaults:1 | Killed Saint Roka
 45380 | Vaults:3 | Noticed Asterion
 45394 | Vaults:3 | Killed Asterion
 47502 | Vaults:3 | Learned a level 7 spell: Ozocubu's Refrigeration
 47787 | Vaults:3 | Learned a level 3 spell: Passwall
 49486 | Vaults:4 | HP: 5/104 [ironbound frostheart/creeping frost (34)]
 49518 | Vaults:4 | Reached XP level 20. HP: 57/109 MP: 39/43
 50566 | Vaults:4 | Identified the scarf of Inviolability {rC+ rF+, *Corrode
                  | Fly Dex+4}
 51394 | Depths:1 | Entered Level 1 of the Depths
 51402 | Depths:1 | Reached skill level 15 in Ice Magic
 51422 | Depths:1 | Found an ancient bone altar of Kikubaaqudgha.
 51632 | Depths:1 | Noticed a dread lich
 51693 | Depths:1 | Found a gateway to Hell.
 52220 | Depths:1 | Found a corrupted altar of Lugonu.
 52221 | Depths:1 | Found a one-way gate to the infinite horrors of the Abyss.
 52388 | Depths:1 | Noticed an ancient lich
 52661 | D:15     | Killed a dread lich
 52887 | Depths:1 | Found a portal to a secret trove of treasure.
 52915 | Depths:1 | Found a one-way gateway to a ziggurat.
 52921 | Depths:1 | Found a one-way gate leading to the halls of Pandemonium.
 53091 | D:15     | Killed an ancient lich
 54531 | Depths:1 | HP: 3/103 [ancient champion/+0 great mace of pain (23)]
 54598 | Depths:1 | Found a one-way gateway to a ziggurat.
 55052 | Depths:1 | Found an ancient bone altar of Kikubaaqudgha.
 55093 | Depths:1 | Found a portal to a secret trove of treasure.
 55157 | Depths:1 | Found a corrupted altar of Lugonu.
 55157 | Depths:1 | Found a one-way gate to the infinite horrors of the Abyss.
 55819 | Depths:2 | Reached XP level 21. HP: 95/113 MP: 37/44
 58043 | Depths:2 | Noticed Sojobo
 58050 | Depths:2 | Paralysed by an air elemental for 1 turns
 58054 | Depths:2 | Paralysed by an air elemental for 1 turns
 58209 | Depths:2 | Killed Sojobo
 58510 | Depths:2 | Found a shimmering blue altar of Sif Muna.
 59557 | Orc:2    | Bought a glowing robe for 140 gold pieces
 59557 | Orc:2    | Bought an embroidered robe for 140 gold pieces
 59992 | Depths:3 | Killed from afar by a lich

Illustrated notes

Levels and vault maps discovered:
D:1:      dpeg_arrival_renting, layout_basic, chequers_serial_rivers_micro_e
D:2:      layout_basic
D:3:      layout_rooms, gammafunk_ghost_necromancy, kennysheep_generic_room_5
D:4:      layout_loops_ring, mainiacjoe_overflow_catch_the_wave,
          nicolae_twisty_statue_hallways, uniq_duvessa
D:5:      layout_loops_ring, hellmonk_no_cap
D:6:      layout_loops_corners, zin_scriptorium, serial_shops,
          nicolae_shop_pleasant_corner_grove
D:7:      layout_basic, slow_altar_1, minmay_temple_entry_statues_pillars,
          enter_bailey_2, uniq_crazy_yiuf_cottage
D:8:      layout_cave_pools, kennysheep_little_box,
          nicolae_ru_sacrificial_ziggurat, nzn_wu_jian_contemplation,
          uniq_psyche
D:9:      layout_long_grid, lair_entry_dummy, serial_shops,
          nicolae_shop_tiny_statue_garden, solitary_fountain
D:10:     layout_rooms, mainiacjoe_overflow_alcove_1, elyvilon_altar_1,
          hiddenorc2_lemuel
D:11:     layout_loops_ring, serial_shops, shop
D:12:     layout_basic, gauntlet_entry_generic, nicolae_the_louvre
D:13:     nicolae_hitomezashi [nicolae_hito_row, nicolae_hito_row,
          nicolae_hito_row, nicolae_hito_row, nicolae_hito_row,
          nicolae_hito_row, nicolae_hito_row, nicolae_hito_row,
          nicolae_hito_row, nicolae_hito_row, nicolae_hito_row,
          nicolae_hito_row, nicolae_hito_row, nicolae_hito_row,
          nicolae_hito_row, nicolae_hito_row, nicolae_hito_row,
          nicolae_hito_row], layout_basic, gammafunk_ghost_hydra_chop,
          uniq_josephine
D:14:     layout_rooms, david_vaults_5, serial_shops, shop,
          hellmonk_sif_muna_bookshelves, lemuel_nasty_fountain, uniq_louise
D:15:     gammafunk_depths_entry_grave, layout_loops_ring, serial_shops, shop
Temple:   nicolae_temple_ecumenical_triangle
Lair:1:   layout_gridlike, basic_altar, infiniplex_staircase_pool,
          lemuel_fruit_fields
Lair:2:   layout_gridlike, mainiacjoe_shoals_entry_four_pools,
          beast_lair_carwin_3, uniq_maggie
Lair:3:   layout_regular_city, nicolae_spider_entry_non_spiders,
          roderic_carrion_pond, serial_bayou_pond_a
Lair:4:   layout_misc_corridors, serial_bayou_shore_a
Lair:5:   gammafunk_lair_ancient_temple, layout_regular_city, slime_entry_2,
          pdpol_lair_cabin_in_the_woods
Shoals:1: layout_shoals, serial_shops, shop, nicolae_shop_self_help,
          uniq_roxanne, uniq_donald
Shoals:2: layout_shoals
Shoals:3: layout_shoals
Shoals:4: shoals_end_grunt_ice, layout_shoals,
          nicolae_shoals_kraken_intersection, uniq_nikola
Spider:1: layout_spider_delve
Spider:2: layout_spider_delve
Spider:3: layout_chambers, uniq_arachne
Spider:4: guppyfry_spider_rune
Orc:1:    cheibrodos_orc_bank, layout_caves, serial_shops, shop, uniq_erica
Orc:2:    st_orc_congregation, layout_diamond_mine, basic_altar, uniq_azrael,
          uniq_sonja, uniq_maurice
Vaults:1: kb_rosetta, nicolae_vaults_little_squares_5,
          nicolae_vaults_big_angled_halls, v_misc_29, vaults_room_hallway,
          ontoclasm_vaults_hangar, nicolae_vaults_double_plus_1,
          nicolae_vaults_mitosis, nicolae_vaults_three_branches,
          nicolae_vaults_house_3, v_misc_9, nicolae_vaults_trapezoid_2,
          nicolae_vaults_tetromino_L_2, hangedman_vaults_capsules,
          nicolae_vaults_theta, layout_vaults_ring, serial_shops,
          nicolae_shop_rolled_up, uniq_aizul
Vaults:2: nicolae_vaults_tetromino_T_1, v_misc_13, ontoclasm_vaults_tryst,
          minmay_crypt_entry_simple_sparse, nicolae_vaults_whirlpool_walls,
          nicolae_vaults_ninety_degrees, v_pattern_5, grunt_vaults_funnel,
          grunt_vaults_twisty, v_misc_25, grunt_vaults_swirl, v_misc_26,
          vaults_room_semicircle, layout_vaults_omnicross, serial_shops,
          nicolae_diamond_shop, uniq_saint_roka
Vaults:3: v_misc_26, v_pattern_3, ontoclasm_vaults_fault,
          nicolae_vaults_circle_grid_a, nicolae_vaults_house_2,
          nicolae_vaults_offset_grid_hallway_2, nicolae_vaults_spaceships,
          v_misc_16, hangedman_vaults_impose, nicolae_vaults_angled_halls,
          dpeg_vaults_monster_box, layout_vaults_chaotic_city, uniq_asterion
Vaults:4: hangedman_vaults_corner, nicolae_vaults_tetromino_T_1,
          grunt_vaults_trifunnel, hangedman_vaults_restitches,
          hangedman_vaults_maws, nicolae_vaults_big_ls, ontoclasm_vaults_bender,
          vaults_mumra_chevron, nicolae_vaults_network_quincunx
          [nicolae_vaults_network_quincunx_subvault,
          nicolae_vaults_network_quincunx_subvault,
          nicolae_vaults_network_quincunx_subvault,
          nicolae_vaults_network_quincunx_subvault,
          nicolae_vaults_network_quincunx_subvault],
          hangedman_vaults_corner_blocks, layout_vaults_maze_bifur
Depths:1: layout_long_grid, enter_ziggurat_d, abyss_entry_flame_altar,
          pan_entry, nicolae_kikubaaqudgha_miasma_corner, enter_trove_0,
          hangedman_geh_valley, st_stairs_14, minmay_misc_feat_diagonals,
          kennysheep_opposing_triangles
Depths:2: minmay_crystal_thing, layout_basic, infiniplex_staircase_squiggle,
          rand_demon_pan_entry_9, grunt_mini_vestibule,
          minmay_misc_feat_columns, minmay_shattered_shrine, uniq_sojobo
Depths:3: hangedman_crystal_crosses_colossus [crystal_crosses_arms_four,
          crystal_crosses_arms_two, crystal_crosses_arms_one], abyss_entry,
          hell_entry, pan_entry

Skill      XL: |  1  2  3  4  5  6  7  8  9 10 11 12 13 14 15 16 17 18 19 20 21 |
---------------+----------------------------------------------------------------+-----
Fighting       | 1 2 3 4 5 8 10 11 13 | 13.0
Spellcasting   | 2 3 4 5 6 10 16 18 | 18.0
Hexes          | 4 5 8 10 12 | 12.0
Ranged Weapons | 3 4 5 6 10 15 18 | 18.0
Stealth        | 3 4 |  4.0
Translocations | 5 8 10 12 | 12.0
Invocations    | 3 8 10 | 10.0
Evocations     | 3 |  3.0
Dodging        | 7 10 | 10.0
Armour         | 5 |  5.0
Ice Magic      | 5 10 12 13 17 18 | 18.4
Air Magic      | 3 8 10 | 10.0
Conjurations   | 4 7 |  7.0
Fire Magic     | |  0.7

Action                     |  1- 3 |  4- 6 |  7- 9 | 10-12 | 13-15 | 16-18 | 19-21 || total
---------------------------+-------+-------+-------+-------+-------+-------+-------++-------
  Melee: Orcbow            |       |       |       |       |       |     2 |       ||     2
   Fire: Sling             |    91 |   128 |   312 |       |       |       |       ||   531
         Orcbow            |       |       |    56 |   474 |  1196 |  1293 |  1566 ||  4585
         Arbalest          |       |       |       |       |   103 |   407 |    31 ||   541
  Throw: Throwing net      |       |       |       |       |       |       |     2 ||     2
   Cast: Jinxbite          |    16 |    42 |    63 |    66 |   133 |   176 |   168 ||   664
         Sigil of Binding  |       |     5 |     7 |       |       |       |       ||    12
         Dimensional Bulls |       |       |     3 |    18 |    59 |    64 |    36 ||   180
         Cause Fear        |       |       |     2 |       |       |       |       ||     2
         Freezing Cloud    |       |       |       |       |       |       |    73 ||    73
         Ozocubu's Refrige |       |       |       |       |       |       |    38 ||    38
 Invoke: Wall of Briars    |       |       |       |     2 |     2 |     6 |     1 ||    11
         Grow Oklob        |       |       |       |       |     1 |     2 |       ||     3
         Grow Ballistomyce |       |       |       |       |       |     1 |       ||     1
Ability: Evoke Blink       |       |       |       |       |       |       |     2 ||     2
  Evoke: Wand              |       |       |    13 |     2 |    12 |    13 |     8 ||    48
         Phial of floods   |       |       |       |       |       |       |     3 ||     3
         Tin of tremorston |       |       |       |       |       |       |     1 ||     1
    Use: Scroll            |       |     1 |     3 |    11 |    18 |    14 |     7 ||    54
         Potion            |       |       |     6 |     2 |     2 |    13 |     8 ||    31
 Armour: Robe              |    11 |    12 |    81 |    53 |    29 |       |     6 ||   192
         Acid dragon scale |       |       |       |       |   130 |   560 |   327 ||  1017
  Dodge: Dodged            |    36 |    31 |   187 |   119 |   519 |  1632 |   852 ||  3376
         Repelled          |       |       |       |     1 |       |     6 |       ||     7

Table legend: (Time is in decaauts)
 A = Elapsed time spent in this place.
 B = Non-inter-level travel time spent in this place.
 C = Inter-level travel time spent in this place.
 D = Time resting spent in this place.
 E = Time spent auto-exploring this place.
 F = Levels seen in this place.
 G = Mean time per level.
                   A        B        C        D        E       F      G
               +--------+--------+--------+--------+--------+-----+--------+
         Total |  47924 |  45977 |   1947 |  19166 |  15820 |  40 | 1198.1 |
       Dungeon |  12319 |  11477 |    842 |   2704 |   6030 |  15 |  821.3 |
        Temple |     12 |      8 |      4 |      0 |      0 |   1 |   12.0 |
          Lair |   4481 |   4232 |    249 |   1039 |   2249 |   5 |  896.2 |
        Shoals |   7347 |   7267 |     80 |   5178 |    713 |   4 | 1836.8 |
   Spider Nest |   6149 |   6020 |    129 |   2978 |   1894 |   4 | 1537.2 |
  Orcish Mines |   1699 |   1541 |    158 |    429 |    684 |   2 |  849.5 |
        Vaults |   8483 |   8161 |    322 |   2992 |   2792 |   4 | 2120.8 |
        Depths |   6368 |   6207 |    161 |   3529 |   1304 |   3 | 2122.7 |
        Bailey |    686 |    686 |      0 |    222 |     66 |   1 |  686.0 |
      Gauntlet |    375 |    375 |      0 |     92 |     84 |   1 |  375.0 |
               +--------+--------+--------+--------+--------+-----+--------+

Top non-repeatable levels by time:
Shoals:3: 4436 daAuts
Depths:2: 3234 daAuts
Depths:1: 2809 daAuts
Spider:3: 2729 daAuts
Vaults:3: 2710 daAuts
Vaults:2: 2084 daAuts
Vaults:1: 2081 daAuts
Vaults:4: 1606 daAuts
  Lair:3: 1597 daAuts
   Orc:2: 1505 daAuts
    D:14: 1352 daAuts
    D:15: 1350 daAuts
Shoals:1: 1313 daAuts
Spider:2: 1289 daAuts
  Lair:5: 1158 daAuts
